AoeStats
← CamposMIC

Arabia

503271376Analyzed
1v1 RM · 1mo ago on Aug 30, 2026· 44m 32s· 2 players
Game mode
Random Map
Map size
Tiny (2 player)
Population
200
Speed
Normal
Resources
Standard
Victory
Conquest
Starting age
Dark Age
Ending age
Imperial Age
RankedLock teamsTeams togetherTeam positionsShared explorationLock speedFull tech treeHidden civsTurbo modeCheats
Victory
Defeat
🇧🇴 Bengalis · Bolivia
1231
+16
🇧🇷 Romans · Brazil
1232
-16
ade el toxicaso
6:44 Loom
9:23 Feudal Age
9:59 Double-Bit Axe
19:26 Fletching
20:16 Bloodlines
20:34 Padded Archer Armor
21:07 Horse Collar
26:13 Castle Age
26:25 Crossbowman
27:33 Husbandry
29:34 Gold Mining
32:01 Wheelbarrow
32:29 Gold Shaft Mining
31:44 Stone Mining
32:12 Town Watch
32:30 Light Cavalry
38:38 Squires
37:58 Pikeman
39:21 Gambesons
40:16 Hand Cart
40:48 Town Patrol
41:44 Paiks
43:17 Bow Saw
43:19 Heavy Plow
44:27 Bodkin Arrow
44:47 Leather Archer Armor
CamposMIC
6:47 Loom
9:08 Feudal Age
9:49 Man-at-Arms
12:52 Scale Mail Armor
17:37 Double-Bit Axe
17:34 Horse Collar
18:59 Wheelbarrow
22:50 Castle Age
24:08 Hand Cart
23:57 Squires
24:29 Chain Mail Armor
27:17 Gold Mining
28:09 Long Swordsman
29:41 Town Watch
32:34 Pikeman
43:10 Fletching
43:32 Forging
Connection lost

Rejoining the realm…

Still unreachable

The connection could not be restored.

Session expired

The server has moved on; the page needs a fresh start.